 Dungeon Crawl Stone Soup version 0.29-a0-11-ga75d3d97ab (webtiles) character file.

Game seed: 973509542057646598

135657 tilp the Gelid (level 16, -4/79 HPs)
             Began as a Felid Ice Elementalist on Jan 23, 2022.
             Was the Champion of Vehumet.
             Shot with a bolt by a yaktaur captain (35 damage)
             ... on level 1 of the Vaults on Jan 28, 2022.
             The game lasted 02:42:59 (72018 turns).

tilp the Gelid (Felid Ice Elementalist)            Turns: 72018, Time: 02:43:00

Health: -4/79      AC:  7    Str:  4    XL:     16   Next: 0%
Magic:  4/32       EV: 31    Int: 26    God:    Vehumet [******]
Gold:   3200       SH:  0    Dex: 18    Spells: 4/37 levels left
                                        Lives:  0   Deaths: 4

rFire   + . .      SeeInvis +     - Unarmed
rCold   + . .      Faith    .   (shield unavailable)
rNeg    . . .      Spirit   .   (armour unavailable)
rPois   .          Reflect  .   (helmet unavailable)
rElec   .          Harm     .   (cloak unavailable)
rCorr   .          Rampage  .   (gloves unavailable)
Will    ++...                   (boots unavailable)
Stlth   ++++++....              J - amulet of Lady Luck {rF+ Regen+}
HPRegen 1.03/turn               H - ring "Foronaoc" {EV+4 Int+3}
MPRegen 0.23/turn               y - +4 ring of protection

@: quick
A: very small, claws 1, fangs 3, see invisible, speed 1, shaggy fur 3, stealthy
paws, no weapons or thrown items, no armour, multi-lived
}: 2/15 runes: barnacled, gossamer
a: Renounce Religion


You were on level 1 of the Vaults.
You worshipped Vehumet.
Vehumet was exalted by your worship.
You visited 7 branches of the dungeon, and saw 33 of its levels.
You also visited: Bailey and Gauntlet.

You collected 3656 gold pieces.
You spent 456 gold pieces at shops.

Inventory:

Jewellery
 b - a ring of flight
 h - a +4 ring of slaying
 k - a ring of fire
 s - a ring of magical power
 u - a ring of wizardry
 x - an amulet of magic regeneration
 y - a +4 ring of protection (right paw)
 A - a +4 ring of protection
 B - the ring of Egixton {Drain rN+ Str+4 Int+3}
   (You took it off a skeletal warrior on level 13 of the Dungeon)

   [ring of positive energy]

   Str:       It affects your strength (+4).
   Int:       It affects your intelligence (+3).
   rN:        It protects you from negative energy.
   Drain:     It drains your maximum health when unequipped.
 D - a +4 ring of slaying
 E - a ring of resist corrosion
 F - a ring of ice
 H - the ring "Foronaoc" (left paw) {EV+4 Int+3}
   (You found it in a Gauntlet)

   [ring of evasion]

   EV:        It affects your evasion (+4).
   Int:       It affects your intelligence (+3).
 J - the amulet of Lady Luck (around neck) {rF+ Regen+}
   (You found it in a Gauntlet)

   [amulet of regeneration]

   rF:        It protects you from fire.
   Regen:     It increases your rate of health regeneration.
 Q - a +6 ring of intelligence
 U - a ring of fire
 W - a ring of ice
 Y - the ring "Qeiploo" {rN+ Int+4 SInv}
   (You found it on level 2 of the Spider Nest)

   [ring of positive energy]

   Int:       It affects your intelligence (+4).
   rN:        It protects you from negative energy.
   SInv:      It lets you see invisible.
 Z - a ring of willpower
Wands
 n - a wand of flame (15)
 o - a wand of acid (4)
 q - a wand of iceblast (4)
 C - a wand of digging (3)
 M - a wand of paralysis (6)
 N - a wand of polymorph (11)
Scrolls
 d - 5 scrolls of amnesia
 e - 11 scrolls of teleportation
 f - 7 scrolls of magic mapping
 t - 2 scrolls of immolation
 G - 2 scrolls of fog
 L - 4 scrolls of blinking
 O - 2 scrolls of holy word
 S - 2 scrolls of fear
Potions
 a - 2 potions of cancellation
 c - 3 potions of ambrosia
 g - 5 potions of attraction
 i - 10 potions of flight
 j - 6 potions of haste
 l - 5 potions of brilliance
 m - 3 potions of might
 p - 4 potions of lignification
 r - 6 potions of invisibility
 v - 8 potions of mutation
 w - a potion of curing
 z - a potion of resistance
 R - a potion of magic
 T - a potion of berserk rage
 V - a potion of heal wounds
Miscellaneous
 I - a phial of floods (inert)
 K - a tin of tremorstones (2/2)


   Skills:
 * Level 14.0 Fighting
 + Level 13.7 Dodging
 + Level 14.1 Stealth
 - Level 10.0 Unarmed Combat
 - Level 11.0 Spellcasting
 - Level 13.0 Conjurations
 - Level 8.0 Translocations
 - Level 15.0 Ice Magic
 - Level 6.0 Air Magic
 - Level 8.0 Earth Magic
 - Level 8.0 Evocations


You had 4 spell levels left.
You knew the following spells:

 Your Spells              Type           Power      Damage    Failure   Level
a - Freeze                Ice            100%       1d11      0%          1
b - Frozen Ramparts       Ice            100%       1d12      1%          3
c - Ozocubu's Armour      Ice            75%        N/A       1%          3
d - Hailstorm             Conj/Ice       72%        3d15      1%          4
e - Freezing Cloud        Conj/Ice/Air   32%        6-21      1%          5
f - Iskenderun's Mystic   Conj/Tloc      62%        2d13      1%          4
g - Iron Shot             Conj/Erth      31%        9d6       2%          6
h - Ozocubu's Refrigerat  Ice            37%        4d12      2%          7

Your spell library contained the following spells:

 Spells                   Type           Power      Damage    Failure   Level
 Polar Vortex             Ice            37%        N/A       88%         9
 Ignition                 Fire           7%         3d4       100%        8
 Fire Storm               Conj/Fire      24%        8d6       100%        9
 Apportation              Tloc           100%       N/A       1%          1
 Foxfire                  Conj/Fire      100%       2x1d9     1%          1
 Poisonous Vapours        Pois/Air       58%        N/A       1%          2
 Conjure Flame            Conj/Fire      48%        6-21      1%          3
 Dazzling Flash           Conj/Hex       96%        N/A       1%          3
 Gell's Gravitas          Tloc           54%        N/A       1%          3
 Lesser Beckoning         Tloc           54%        N/A       1%          3
 Mephitic Cloud           Conj/Pois/Air  47%        N/A       1%          3
 Teleport Other           Tloc           54%        N/A       1%          3
 Flame Wave               Conj/Fire      48%        2d10      1%          4
 Ignite Poison            Fire/Tmut/Pois 14%        N/A       3%          3
 Inner Flame              Hex/Fire       14%        N/A       3%          3
 Animate Dead             Necr           7%         N/A       38%         4
 Cause Fear               Hex            7%         N/A       38%         4
 Iskenderun's Battlesphe  Conj           69%        2d12      1%          5
 Irradiate                Conj/Tmut      24%        3d21      2%          5
 Borgnjor's Vile Clutch   Necr/Erth      17%        N/A       22%         5
 Dispersal                Tloc           27%        N/A       24%         6
 Silence                  Hex/Air        14%        N/A       32%         5
 Spellforged Servitor     Conj/Summ      24%        N/A       50%         7
 Agony                    Necr           14%        N/A       75%         5
 Alistair's Intoxication  Tmut/Pois      9%         N/A       75%         5
 Blade Hands              Tmut           7%         N/A       75%         5
 Death Channel            Necr           7%         N/A       99%         6
 Dragon Form              Tmut           7%         N/A       100%        7
 Discord                  Hex            7%         N/A       100%        8
 Disjunction              Tloc           27%        N/A       100%        8


Dungeon Overview and Level Annotations

Branches:
Dungeon (15/15)            Temple (1/1) D:6            Lair (6/6) D:9
 Shoals (4/4) Lair:3       Spider (4/4) Lair:2        Slime (0/5) Lair:6
    Orc (2/2) D:9             Elf (0/3) Orc:2        Vaults (1/5) D:14
 Depths (0/4) D:15         Bailey (visited)         Gauntlet (visited)

Altars:
Ashenzari
Cheibriados
Dithmenos
Elyvilon
Fedhas
Gozag
Hepliaklqana
Kikubaaqudgha
Makhleb
Nemelex Xobeh
Okawaru
Qazlal
Ru
Sif Muna
Trog
Uskayaw
Vehumet
Wu Jian
Xom
Yredelemnul
Zin
The Shining One

Shops:
D:8 :   D:12 [   Orc:2 [(:*

Annotations:
Spider:2 1 runed translucent door, Xoff's ghost, adept GnAE
Vaults:1 Saint Roka


Innate Abilities, Weirdness & Mutations

You have sharp claws.
You have razor-sharp teeth.
You have supernaturally acute eyesight. (SInv)
You cover ground quickly. (Speed+)
Your thick and shaggy fur keeps you warm. (AC +3, rC+)
Your paws help you pounce on unaware monsters.
You are incapable of wielding weapons or throwing items.
You cannot wear armour.
You gain extra lives every three experience levels.


Message History

Press: ? - help, Shift-Dir - straight line, f - boulder beetle
Aim: a boulder beetle (lightly wounded, rolling, 100% to hit)
The iron shot hits the boulder beetle!!
The boulder beetle is severely wounded.
Unknown command.
Unknown command.
Casting: Iron Shot (dangerous; 2% risk of failure)
Confirm with . or Enter, or press ? or * to list all spells.
Aiming: Iron Shot (dangerous; 2% risk of failure)
Press: ? - help, Shift-Dir - straight line, f/p - boulder beetle
Aim: a boulder beetle (severely wounded, rolling, 100% to hit)
The iron shot hits the boulder beetle!!
The boulder beetle is almost dead.
The boulder beetle hits you.
The boulder beetle stops rolling and uncurls.
The yaktaur captain shoots a bolt.
The bolt hits you!!!
Ouch! That really hurt!
* * * LOW HITPOINT WARNING * * *
Unknown command.
Casting: Iron Shot (dangerous; 2% risk of failure)
Confirm with . or Enter, or press ? or * to list all spells.
Aiming: Iron Shot (dangerous; 2% risk of failure)
Press: ? - help, Shift-Dir - straight line, f/p - boulder beetle
Aim: a boulder beetle (almost dead, 100% to hit)
The iron shot hits the boulder beetle!!
You kill the boulder beetle!
Vehumet accepts your kill.
The yaktaur captain shoots a bolt.
The bolt misses you.
Your Fighting skill increases to level 14!
Welcome back to level 16!
Unknown command.
Casting: Iron Shot (dangerous; 2% risk of failure)
Confirm with . or Enter, or press ? or * to list all spells.
Aiming: Iron Shot (dangerous; 2% risk of failure)
Press: ? - help, Shift-Dir - straight line, f - yaktaur captain
Aim: a yaktaur captain, wielding a +0 arbalest and quivering bolts (91% to hit)
The iron shot hits the yaktaur captain!!
The yaktaur captain is heavily wounded.
The yaktaur captain shoots a bolt.
The bolt hits you!!
You die...

. # ...........#
# ...........# .
...........# .
.......c...# .
...........# .
...........# .
......†....######
.
.......@.........
.
.................
#
#######....#####
#....# #....#
#....# #....#
#....# #....#


You could see a yaktaur captain.

Vanquished Creatures
  2 sphinxes (Shoals:4)
  Gastronok (Lair:1)
  A storm dragon (D:13)
  Louise (Spider:1)
  3 ghost moths (Spider:4)
  7 emperor scorpions (Spider:4)
  2 vault wardens (Vaults:1)
  An ironbound preserver (Vaults:1)
  2 broodmothers
  A very ugly thing (D:13)
  2 stone giants
  5 entropy weavers
  3 minotaurs
  A deep elf death mage (Vaults:1)
  2 merfolk javelineers
  A yaktaur captain (Vaults:1)
  3 ettins (Orc:2)
  Fannar (Orc:1)
  12 hydras
  A rakshasa (D:14)
  4 vault guards (D:14)
  4 merfolk impalers (Shoals:4)
  7 boulder beetles
  An ogre mage (D:15)
  2 alligator snapping turtles
  3 radroaches
  Erolcha (D:12)
  2 ironbound frosthearts (Vaults:1)
  2 jorogumos
  4 catoblepae
  9 centaur warriors
  A death knight (D:12)
  A merfolk avatar (Shoals:4)
  6 merfolk aquamancers
  7 satyrs
  Erica (Orc:1)
  4 alligators (Shoals:2)
  12 two-headed ogres
  6 tengu warriors
  10 death yaks (Lair:6)
  Sonja (Lair:5)
  8 pharaoh ants
  2 skeletal warriors (D:13)
  A sun moth (Spider:4)
  3 deep trolls (Vaults:1)
  A goliath frog (Shoals:2)
  11 sea snakes
  The ghost of ma3 the Martial Artist, a novice OpTm of Gozag (D:8)
  7 steelbarb worms
  Pikel (D:5)
  9 orb spiders
  3 wizards
  4 ironbound convokers (Vaults:1)
  2 lindwurms (Vaults:1)
  6 harpies (Shoals:4)
  A necromancer (Vaults:1)
  3 orc knights
  6 ugly things
  2 deep elf pyromancers
  A salamander (shapeshifter) (D:14)
  20 cyclopes
  A deep elf zephyrmancer (D:13)
  2 orc sorcerers (Orc:1)
  12 fauns
  20 wolf spiders
  14 manticores
  3 moths of wrath
  10 slime creatures
  6 merfolk sirens
  Joseph (Lair:1)
  A black mamba (Lair:6)
  2 water nymphs
  6 elephants (Lair:3)
  2 vault sentinels (Vaults:1)
  7 gargoyles
  11 cane toads
  Psyche (D:8)
  An unseen horror (D:11)
  5 torpor snails
  A rime drake (shapeshifter) (D:15)
  5 kobold demonologists (D:13)
  5 demonic crawlers
  10 komodo dragons
  3 rime drakes
  2 freezing wraiths (D:14)
  3 efreet (D:13)
  2 tengu conjurers
  13 yaktaurs
  18 merfolk
  3 trolls
  20 meliai
  27 tarantellas
  6 hornets
  7 blink frogs
  6 wind drakes
  A polar bear (Lair:6)
  12 dream sheep
  10 snapping turtles
  27 jumping spiders
  26 culicivoras
  3 shadows
  16 water elementals
  6 wyverns
  3 wraiths
  2 vampires
  57 yaks
  59 redbacks
  5 basilisks
  A steam dragon (D:10)
  11 vampire mosquitoes
  3 wargs
  An acid dragon (shapeshifter) (D:13)
  Edmund (D:6)
  3 acid dragons
  26 water moccasins
  3 sky beasts
  A meliai simulacrum (D:14)
  2 ice beasts
  21 orc warriors
  3 black bears
  A necrophage (D:8)
  23 wolves
  8 ogres
  A boggart (D:14)
  6 centaurs
  7 kobold brigands
  2 scorpions (D:5)
  A gnoll sergeant (D:8)
  13 bullfrogs
  2 wyvern zombies
  A water moccasin skeleton (D:5)
  4 wights
  An electric eel (Spider:4)
  7 howler monkeys
  A bullfrog zombie (D:5)
  6 centaur zombies
  11 orc priests
  A hound (D:5)
  2 centaur skeletons
  3 jellies
  A gnoll shaman (D:7)
  2 hell rats (Lair:1)
  21 orc wizards
  Natasha (thrice) (D:2)
  6 iguanas
  2 killer bee zombies
  A centaur simulacrum (D:8)
  A hound skeleton (D:2)
  2 howler monkey zombies (D:8)
  8 gnolls
  6 adders
  6 river rats (Lair:1)
  3 shadow imps
  2 ufetubi (D:5)
  A worm (D:2)
  3 dart slugs
  71 orcs
  5 endoplasms
  4 goblins
  12 hobgoblins
  4 quokkas
  8 ball pythons
  5 bats
  4 frilled lizards (D:1)
  30 kobolds
  4 rats
  A bush (Lair:4)
  A toadstool (D:1)
1089 creatures vanquished.

Vanquished Creatures (collateral kills)
  Mara (Shoals:3)
  A merfolk aquamancer (Shoals:3)
  A merfolk (Shoals:3)
  2 water elementals (Shoals:3)
5 creatures vanquished.

Vanquished Creatures (others)
  A meliai (Spider:4)
  A centaur simulacrum (D:13)
  A bush (Lair:3)
  4 demonic plants (Gauntlet)
  53 fungi
  218 plants
  3 toadstools (D:1)
281 creatures vanquished.

Grand Total: 1375 creatures vanquished

Notes
Turn   | Place    | Note
-------+----------+-------------------------------------------
     0 | D:1      | tilp the Felid Ice Elementalist began the quest for the
                  | Orb.
     0 | D:1      | Reached XP level 1. HP: 7/7 MP: 4/4
   201 | D:1      | Reached skill level 4 in Ice Magic
   201 | D:1      | Reached XP level 2. HP: 11/11 MP: 0/6
   833 | D:1      | Reached XP level 3. HP: 14/14 MP: 5/7
   839 | D:1      | Learned a level 3 spell: Frozen Ramparts
  1711 | D:1      | Learned a level 3 spell: Ozocubu's Armour
  1911 | D:2      | Noticed Natasha
  1917 | D:2      | Killed Natasha
  2127 | D:2      | Reached XP level 4. HP: 18/18 MP: 7/9
  2275 | D:2      | Noticed Natasha
  2280 | D:2      | Killed Natasha
  2532 | D:2      | Found a faded altar of an unknown god.
  2586 | D:2      | Reached skill level 5 in Ice Magic
  2971 | D:2      | Reached XP level 5. HP: 21/21 MP: 2/10
  3148 | D:2      | Noticed Natasha
  3156 | D:2      | Killed Natasha
  3784 | D:3      | Found a basalt altar of Yredelemnul.
  3872 | D:3      | Found a white marble altar of Elyvilon.
  4020 | D:4      | Noticed an ogre
  5057 | D:5      | Entered Level 5 of the Dungeon
  5091 | D:5      | Reached skill level 6 in Ice Magic
  5187 | D:5      | Noticed an ice beast
  5247 | D:5      | Noticed a lemure
  5247 | D:5      | Noticed a lemure
  5284 | D:5      | Noticed Pikel
  5295 | D:5      | Killed Pikel
  5296 | D:5      | Gained mutation: You are covered in thick fur. (AC +2)
                  | [Felid growth]
  5296 | D:5      | Reached XP level 6. HP: 18/28 MP: 0/11
  5296 | D:5      | Reached XP level 7. HP: 20/31 MP: 0/12
  5440 | D:5      | Found a burning altar of Makhleb.
  5692 | D:5      | Reached skill level 5 in Stealth
  5824 | D:5      | Learned a level 4 spell: Hailstorm
  5833 | D:5      | Reached XP level 8. HP: 36/36 MP: 3/13
  6141 | D:5      | Reached skill level 1 in Conjurations
  6873 | D:6      | Found a blossoming altar of Fedhas.
  6982 | D:6      | Noticed Edmund
  7713 | D:6      | Found a staircase to the Ecumenical Temple.
  7849 | Temple   | Entered the Ecumenical Temple
  7927 | Temple   | Became a worshipper of Vehumet
  8160 | D:7      | Reached XP level 9. HP: 38/39 MP: 11/16
  8202 | D:7      | Found a flagged portal.
  8235 | Bailey   | Entered a bailey
  8272 | Bailey   | Noticed an orc knight
  8973 | Bailey   | Noticed an orc knight
  9002 | Bailey   | Killed an orc knight
  9002 | Bailey   | Reached * piety under Vehumet
  9002 | Bailey   | Offered knowledge of Foxfire by Vehumet.
  9003 | Bailey   | Reached skill level 5 in Conjurations
  9003 | Bailey   | Reached skill level 7 in Ice Magic
  9057 | Bailey   | Reached skill level 5 in Spellcasting
  9427 | Bailey   | Killed an orc knight
  9428 | Bailey   | Reached skill level 8 in Ice Magic
 10213 | D:6      | Killed Edmund
 10214 | D:6      | Reached skill level 1 in Evocations
 10458 | D:7      | Found a sacrificial altar of Ru.
 10764 | D:7      | Found an ancient bone altar of Kikubaaqudgha.
 11330 | D:8      | Reached XP level 10. HP: 43/43 MP: 18/18
 11405 | D:8      | Found Hasuopn's Book Emporium.
 11414 | D:8      | Bought a Trismegistus Codex for 336 gold pieces
 11420 | D:8      | Learned a level 5 spell: Freezing Cloud
 11513 | D:8      | Found a shimmering blue altar of Sif Muna.
 11519 | D:8      | Noticed Psyche
 11645 | D:8      | Reached skill level 5 in Fighting
 11645 | D:8      | Reached skill level 5 in Unarmed Combat
 12020 | D:8      | Reached ** piety under Vehumet
 12021 | D:8      | Offered knowledge of Sandblast by Vehumet.
 12022 | D:8      | Reached skill level 5 in Dodging
 12146 | D:8      | Found a runed translucent gate.
 12146 | D:8      | Found a runed translucent gate.
 12147 | D:8      | Found a runed translucent gate.
 12151 | D:8      | Noticed ma3's ghost (novice OpTm)
 14021 | D:9      | Noticed a two-headed ogre
 14377 | D:9      | Found a staircase to the Lair.
 14387 | D:9      | Reached skill level 1 in Air Magic
 14418 | D:9      | Offered knowledge of Stone Arrow by Vehumet.
 14917 | D:9      | Reached XP level 11. HP: 26/48 MP: 15/20
 15235 | D:9      | Found a bloodstained altar of Trog.
 15238 | D:9      | Found a staircase to the Orcish Mines.
 15254 | D:9      | Reached *** piety under Vehumet
 15529 | D:9      | Killed a two-headed ogre
 15640 | D:9      | Found a broken altar of Ashenzari.
 15642 | D:9      | Found an iron altar of Okawaru.
 15646 | D:9      | Found a glowing golden altar of the Shining One.
 15650 | D:9      | Found an opulent altar of Gozag.
 16467 | D:10     | Entered Level 10 of the Dungeon
 16626 | D:10     | Noticed a brown ugly thing
 17198 | D:10     | Offered knowledge of Fulminant Prism by Vehumet.
 17266 | D:10     | Noticed an orc knight
 17279 | D:10     | Killed an orc knight
 17869 | D:10     | Killed a brown ugly thing
 18043 | D:11     | Noticed a white ugly thing
 18461 | D:11     | Noticed a five-headed hydra
 18490 | D:11     | Killed a five-headed hydra
 18491 | D:11     | Reached skill level 9 in Ice Magic
 18832 | D:11     | Noticed a red ugly thing
 19527 | D:11     | Killed a red ugly thing
 19861 | D:11     | Reached **** piety under Vehumet
 20056 | D:11     | Noticed a two-headed ogre
 20060 | D:11     | Killed a two-headed ogre
 20061 | D:11     | Gained mutation: Your thick and shaggy fur keeps you warm.
                  | (AC +3, rC+) [Felid growth]
 20061 | D:11     | Reached XP level 12. HP: 52/52 MP: 23/23
 20499 | Orc:1    | Entered Level 1 of the Orcish Mines
 21048 | Lair:1   | Entered Level 1 of the Lair of Beasts
 21317 | Lair:1   | Offered knowledge of Lightning Bolt by Vehumet.
 21406 | Lair:1   | Noticed a five-headed hydra
 21975 | Lair:1   | Reached skill level 10 in Conjurations
 22162 | Lair:1   | Noticed Gastronok
 22296 | Lair:1   | HP: 1/52 [five-headed hydra (11)]
 22298 | Lair:1   | Killed a five-headed hydra
 22299 | Lair:1   | Reached skill level 10 in Ice Magic
 22422 | Lair:1   | Noticed Joseph
 22642 | Lair:1   | Killed Joseph
 22736 | Lair:1   | Noticed a four-headed hydra
 22762 | Lair:1   | Killed a four-headed hydra
 24032 | Lair:2   | Reached skill level 5 in Evocations
 24036 | Lair:2   | Reached ***** piety under Vehumet
 24079 | Lair:2   | Offered knowledge of Iskenderun's Mystic Blast by Vehumet.
 24190 | Lair:2   | Learned a level 4 spell: Iskenderun's Mystic Blast
 25036 | Lair:2   | Reached XP level 13. HP: 58/58 MP: 24/24
 25113 | Lair:2   | Found a hole to the Spider Nest.
 25386 | Lair:3   | Found a staircase to the Shoals.
 26699 | Lair:3   | Reached skill level 10 in Stealth
 27486 | Lair:4   | Reached skill level 1 in Translocations
 28172 | Lair:4   | Identified a scroll of acquirement
 28172 | Lair:4   | Upgraded the game from 0.28-a0-1624-g820543e53a to
                  | 0.28-a0-1629-gf728b707aa
 28478 | Lair:5   | Noticed Sonja
 29143 | Lair:5   | Acquired a book of Power
 29152 | Lair:5   | Learned a level 6 spell: Iron Shot
 29162 | Lair:5   | Killed Sonja
 29826 | Lair:6   | Entered Level 6 of the Lair of Beasts
 30147 | Lair:6   | Found a staircase to the Slime Pits.
 30175 | Lair:6   | Reached skill level 1 in Earth Magic
 30316 | Lair:6   | Reached XP level 14. HP: 45/63 MP: 27/27
 31197 | Lair:6   | Offered knowledge of Airstrike by Vehumet.
 31354 | Lair:6   | Reached skill level 11 in Ice Magic
 32174 | Orc:1    | Noticed Fannar
 32307 | Orc:1    | Killed Fannar
 32551 | Orc:1    | Noticed Erica
 32561 | Orc:1    | Killed Erica
 32948 | Orc:2    | Entered Level 2 of the Orcish Mines
 32966 | Orc:2    | Found Pusil's Book Emporium.
 33475 | Orc:2    | Found Ququodey's Antique Armour Shop.
 33487 | Orc:2    | Noticed a stone giant
 34243 | Orc:2    | Found Xiedicai's Antique Weapon Shop.
 34258 | Orc:2    | Killed a stone giant
 34678 | Orc:2    | Found Himihoj's General Store.
 34803 | Orc:2    | Found a staircase to the Elven Halls.
 35355 | Lair:1   | Killed Gastronok
 35356 | Lair:1   | Reached skill level 5 in Earth Magic
 35505 | D:8      | Killed ma3's ghost
 35612 | D:8      | Killed Psyche
 35772 | D:12     | Found Elem's Armour Boutique.
 35823 | D:12     | Found a gate leading to a gauntlet.
 35900 | Gauntlet | Entered a Gauntlet
 35900 | Gauntlet | Found a transporter.
 35926 | Gauntlet | Found a transporter.
 35926 | Gauntlet | Found a transporter.
 35939 | Gauntlet | Found a transporter.
 35940 | Gauntlet | Found a transporter.
 35947 | Gauntlet | Found a transporter.
 35963 | Gauntlet | Found a transporter.
 35974 | Gauntlet | Found a transporter.
 35987 | Gauntlet | Found a transporter.
 35992 | Gauntlet | Found a transporter.
 36009 | Gauntlet | Found a transporter.
 36018 | Gauntlet | Found a runed translucent door.
 36020 | Gauntlet | Found a transporter.
 36020 | Gauntlet | Found a transporter.
 36023 | Gauntlet | Found a runed translucent door.
 36075 | Gauntlet | Found a transporter.
 36394 | Gauntlet | Reached skill level 12 in Ice Magic
 36398 | Gauntlet | HP: 1/63 [catoblepas (9)]
 36399 | Gauntlet | Slain by a catoblepas
 36400 | Gauntlet | Reached XP level 13. HP: -2/58 MP: 12/36
 36403 | Gauntlet | Noticed a minotaur
 36411 | Gauntlet | Killed a minotaur
 36651 | Gauntlet | Identified the +5 ring mail of the Midnight Sun {rN+}
 36651 | Gauntlet | Identified the +5 war axe of Ihauhuh {vorpal, rF+++ Int-5
                  | Dex-2 SInv}
 36653 | Gauntlet | Identified the ring "Foronaoc" {EV+4 Int+3}
 36656 | Gauntlet | Identified the amulet of Lady Luck {rF+ Regen+}
 36704 | Gauntlet | Upgraded the game from 0.28-a0-1629-gf728b707aa to
                  | 0.28-a0-1638-g9123634e07
 37123 | D:12     | Noticed Erolcha
 37127 | D:12     | Killed Erolcha
 37847 | D:13     | Reached XP level 14. HP: 51/63 MP: 15/28
 37847 | D:13     | Noticed a storm dragon
 37850 | D:13     | Identified the +2 morningstar of Floods {holy, +Blink rN+
                  | Int-3 SInv}
 37852 | D:13     | Killed a storm dragon
 38832 | D:13     | Identified the +7 morningstar of Gallantry {drain, Will++
                  | Str+2}
 38832 | D:13     | Identified the ring of Egixton {Drain rN+ Str+4 Int+3}
 38832 | D:13     | Killed from afar by a gargoyle
 38833 | D:13     | Reached XP level 13. HP: 0/60 MP: 6/36
 39457 | D:13     | Got the Papyrus of Cold and Envenoming
 39461 | D:13     | Noticed a brown very ugly thing
 39468 | D:13     | Killed a brown very ugly thing
 39472 | D:13     | Offered knowledge of Yara's Violent Unravelling by Vehumet.
 39604 | D:13     | Identified the +7 spear "Pew Fivu" {pain, *Rage rElec Will+
                  | rCorr}
 40644 | D:13     | Reached skill level 10 in Fighting
 40648 | D:13     | Reached XP level 14. HP: 21/66 MP: 9/28
 41696 | D:14     | Reached skill level 10 in Dodging
 42063 | D:14     | Found a gate to the Vaults.
 42360 | D:14     | Found an ornate altar of the Wu Jian Council.
 42362 | D:14     | Found a shimmering altar of Xom.
 42362 | D:14     | Found a glowing silver altar of Zin.
 42364 | D:14     | Found a glowing silver altar of Zin.
 42364 | D:14     | Found a hide-covered altar of Uskayaw.
 42364 | D:14     | Found an iron altar of Okawaru.
 43102 | D:15     | Entered Level 15 of the Dungeon
 44561 | D:15     | Found a staircase to the Depths.
 44561 | D:15     | Noticed a stone giant
 44563 | D:15     | Killed a stone giant
 44848 | Orc:2    | Bought a potion of magic for 120 gold pieces
 44994 | Spider:1 | Entered Level 1 of the Spider Nest
 44997 | Spider:1 | Reached skill level 10 in Unarmed Combat
 47217 | Spider:1 | Reached XP level 15. HP: 72/72 MP: 13/29
 47325 | Spider:1 | Noticed Louise
 47613 | Spider:1 | Killed Louise
 48467 | Spider:1 | Offered knowledge of Lee's Rapid Deconstruction by Vehumet.
 50838 | Spider:2 | Reached skill level 5 in Translocations
 51541 | Spider:2 | Found a runed translucent door.
 51541 | Spider:2 | Found a shimmering altar of Xom.
 51541 | Spider:2 | Noticed Xoff's ghost (adept GnAE)
 52104 | Spider:2 | Identified the ring "Qeiploo" {rN+ Int+4 SInv}
 52452 | Spider:3 | Reached skill level 5 in Air Magic
 53439 | Spider:3 | Reached ****** piety under Vehumet
 53574 | Spider:3 | Offered knowledge of Conjure Ball Lightning by Vehumet.
 54040 | Spider:3 | Learned a level 7 spell: Ozocubu's Refrigeration
 54213 | Shoals:1 | Entered Level 1 of the Shoals
 54803 | Shoals:1 | Reached XP level 16. HP: 76/76 MP: 26/30
 54811 | Shoals:1 | Reached skill level 13 in Ice Magic
 57142 | Shoals:2 | Reached skill level 10 in Spellcasting
 57917 | Shoals:3 | Offered knowledge of Starburst by Vehumet.
 58858 | Shoals:3 | Noticed Mara
 58869 | Shoals:3 | Killed Mara
 59144 | Shoals:4 | Entered Level 4 of the Shoals
 59923 | Shoals:4 | Reached skill level 14 in Ice Magic
 60045 | Shoals:4 | Noticed a sphinx
 60051 | Shoals:4 | Killed a sphinx
 60165 | Shoals:4 | Got a barnacled rune of Zot
 60184 | Shoals:4 | Identified the +1 scale mail "Maskusch" {Harm}
 60612 | Shoals:4 | Offered knowledge of Lehudib's Crystal Spear by Vehumet.
 61059 | Shoals:4 | Reached XP level 17. HP: 75/79 MP: 12/32
 61829 | Shoals:4 | Noticed a kraken
 62153 | Shoals:4 | Upgraded the game from 0.28-a0-1638-g9123634e07 to
                  | 0.29-a0-2-g12fcac58f8
 62472 | Spider:4 | Entered Level 4 of the Spider Nest
 62530 | Spider:4 | Reached skill level 15 in Ice Magic
 68558 | Spider:4 | Got a gossamer rune of Zot
 69135 | Vaults:1 | Entered Level 1 of the Vaults
 70940 | Vaults:1 | Noticed Saint Roka
 70971 | Vaults:1 | HP: 4/82 [Saint Roka/divine providence (15)]
 70977 | Vaults:1 | Killed from afar by Saint Roka
 70978 | Vaults:1 | Reached XP level 16. HP: -2/79 MP: 5/32
 71078 | Vaults:1 | Upgraded the game from 0.29-a0-2-g12fcac58f8 to
                  | 0.29-a0-11-ga75d3d97ab
 71485 | Vaults:1 | Offered knowledge of Fire Storm by Vehumet.
 71485 | Vaults:1 | Offered knowledge of Polar Vortex by Vehumet.
 71485 | Vaults:1 | Offered knowledge of Ignition by Vehumet.
 71971 | Vaults:1 | Killed from afar by Saint Roka
 71972 | Vaults:1 | Reached XP level 15. HP: 0/75 MP: 31/31
 72018 | Vaults:1 | Reached XP level 16. HP: 30/79 MP: 10/32
 72018 | Vaults:1 | Shot with a bolt by a yaktaur captain

Illustrated notes

Levels and vault maps discovered:
D:1:      ldierk_water_garden, layout_basic
D:2:      layout_basic, hellmonk_ecumenical_altar_zigzags, uniq_natasha
D:3:      layout_loops_cross, kennysheep_ying_yang
D:4:      layout_loops_corners
D:5:      layout_loops_ring, mainiacjoe_overflow_brackets, minmay_bent,
          uniq_pikel
D:6:      minmay_general_purpose_star, layout_basic,
          mainiacjoe_overflow_tiny_flanked, lemuel_temple_firewalk_b,
          uniq_edmund
D:7:      layout_rooms, nicolae_ru_path_of_blood, kennysheep_little_box,
          enter_bailey_6, minmay_misc_feat_secret_circle
D:8:      minmay_thinvault, layout_loops_ring, mainiacjoe_overflow_paths,
          gammafunk_ghost_necromancy, serial_shops, shop, uniq_psyche
D:9:      layout_basic, minitemple, minmay_lair_entry_grove, orc_0_dummy
D:10:     cheibrodos_orc_bank, layout_basic
D:11:     layout_rooms, chequers_mini_garden
D:12:     layout_gridville, serial_shops, shop, gauntlet_entry_generic,
          uniq_erolcha
D:13:     minmay_the_grid_square_5x5_5x5_mashed
          [minmay_the_grid_square_5x5_intrusive_squares,
          minmay_the_grid_square_5x5_slash,
          minmay_the_grid_square_5x5_inverted_slash,
          minmay_the_grid_square_5x5_broken_cross,
          minmay_the_grid_square_5x5_tie, minmay_the_grid_square_5x5_two_small,
          minmay_the_grid_square_5x5_prize_waves,
          minmay_the_grid_square_5x5_mess,
          minmay_the_grid_square_5x5_prize_deathbox,
          minmay_the_grid_square_5x5_v, minmay_the_grid_square_5x5_beaten_path,
          minmay_the_grid_square_5x5_three_small,
          minmay_the_grid_square_5x5_prize_itemx,
          minmay_the_grid_square_5x5_meh, minmay_the_grid_square_5x5_n,
          minmay_the_grid_square_5x5_trominoes,
          minmay_the_grid_square_5x5_prize_monsterx,
          minmay_the_grid_square_5x5_shrine2,
          minmay_the_grid_square_5x5_prize_pseudospiral,
          minmay_the_grid_square_5x5_three_walls,
          minmay_the_grid_square_5x5_empty,
          minmay_the_grid_square_5x5_fancy_junction,
          minmay_the_grid_square_5x5_hollow_slash,
          minmay_the_grid_square_5x5_bridge, minmay_the_grid_square_5x5_forky],
          layout_basic
D:14:     layout_basic, lightli_vaults_fourway_checkpoint, doesnt_xom_only_xom
D:15:     grunt_enter_depths_snipers, layout_gridville, minmay_misc_feat_iff,
          grunt_ministairs_13
Temple:   compressed_dpeg_circular_temple
Lair:1:   layout_big_grid, kennysheep_rathole, grunt_megastairs_4,
          infiniplex_staircase_pool, uniq_joseph, uniq_gastronok
Lair:2:   layout_gridlike, nicolae_spider_entry_tight_spaces
Lair:3:   layout_concentric_octagons, minmay_shoals_entry_centaurs,
          serial_bayou_shore_a
Lair:4:   layout_regular_city
Lair:5:   layout_gridlike, grunt_megastairs_1, uniq_sonja
Lair:6:   evilmike_catoblepas_cave, layout_regular_city,
          minmay_slime_entry_pillars
Shoals:1: layout_shoals, nicolae_shoals_so_close
Shoals:2: layout_shoals, nicolae_shoals_goliath_grotto
Shoals:3: layout_shoals, uniq_mara
Shoals:4: shoals_end_hellmonk_lost_city, serial_shops
Spider:1: layout_spider_delve, uniq_louise
Spider:2: layout_cave_pods, ebering_ghost_xom
Spider:3: layout_spider_delve
Spider:4: grunt_spider_rune_circles, drop_trap, nicolae_spider_cling_ruins
Orc:1:    layout_caves, uniq_fannar, uniq_erica
Orc:2:    grunt_orc_gardens, layout_caves, grunt_orc_garden, grunt_orc_garden,
          grunt_orc_garden, grunt_orc_garden
Vaults:1: gammafunk_ghost_split, v_pattern_5, ontoclasm_vaults_gateway,
          nicolae_vaults_sealed_display, ontoclasm_vaults_spin, v_misc_32,
          grunt_vaults_funnel, hangedman_vaults_slice, layout_vaults_quadrants,
          serial_shops, nicolae_shop_overgrown_old_shop, uniq_saint_roka

Skill      XL: |  1  2  3  4  5  6  7  8  9 10 11 12 13 14 15 16 17 |
---------------+----------------------------------------------------+-----
Ice Magic      | 4 5 6 8 9 10 12 14 15 | 15.0
Spellcasting   | 3 4 5 6 7 8 9 10 11 | 11.0
Fighting       | 3 4 6 7 10 12 14 13 | 14.0
Dodging        | 4 6 7 9 12 13 | 13.7
Stealth        | 4 5 6 8 9 11 12 14 13 | 14.1
Unarmed Combat | 3 4 6 7 9 10 | 10.0
Conjurations   | 4 6 9 10 12 11 13 | 13.0
Evocations     | 1 4 5 8 |  8.0
Air Magic      | 1 4 5 6 |  6.0
Translocations | 4 6 8 |  8.0
Earth Magic    | 6 5 7 8 |  8.0

Action                   |  1- 3 |  4- 6 |  7- 9 | 10-12 | 13-15 | 16-18 || total
-------------------------+-------+-------+-------+-------+-------+-------++-------
Melee: Unarmed           |    25 |    29 |   130 |   296 |   193 |    78 ||   751
       Bite              |     1 |     3 |    18 |    44 |    32 |     9 ||   107
       Punch             |       |     1 |     6 |    13 |    16 |     6 ||    42
 Cast: Freeze            |    42 |    20 |    50 |    57 |    12 |     4 ||   185
       Frozen Ramparts   |     2 |    17 |    40 |    66 |    56 |    11 ||   192
       Ozocubu's Armour  |       |     9 |    26 |    76 |   136 |    73 ||   320
       Hailstorm         |       |       |    16 |    74 |   216 |    71 ||   377
       Freezing Cloud    |       |       |       |    22 |   268 |   213 ||   503
       Iskenderun's Myst |       |       |       |    10 |   156 |    53 ||   219
       Iron Shot         |       |       |       |       |   127 |   182 ||   309
       Ozocubu's Refrige |       |       |       |       |       |     5 ||     5
Evoke: Wand              |       |       |     4 |     3 |     8 |    10 ||    25
       Tin of tremorston |       |       |       |       |     2 |     1 ||     3
       Phial of floods   |       |       |       |       |       |     2 ||     2
  Use: Scroll            |     2 |     4 |    10 |     8 |    11 |     2 ||    37
       Potion            |       |       |     3 |     3 |     5 |     8 ||    19
 Stab: Sleeping          |     3 |     7 |     5 |    16 |    29 |     9 ||    69
       Distracted        |       |       |       |       |     2 |       ||     2
       Paralysed         |       |       |       |       |     3 |     1 ||     4
Armor: Skin              |     6 |     1 |    37 |    63 |    56 |    42 ||   205
Dodge: Dodged            |    33 |    26 |   170 |   309 |   420 |   289 ||  1247

Table legend: (Time is in decaauts)
 A = Elapsed time spent in this place.
 B = Non-inter-level travel time spent in this place.
 C = Inter-level travel time spent in this place.
 D = Time resting spent in this place.
 E = Time spent auto-exploring this place.
 F = Levels seen in this place.
 G = Mean time per level.
                   A        B        C        D        E       F      G
               +--------+--------+--------+--------+--------+-----+--------+
         Total |  66641 |  62154 |   4487 |  30251 |  22298 |  35 | 1904.0 |
       Dungeon |  25329 |  23503 |   1826 |   8674 |  11823 |  15 | 1688.6 |
        Temple |     76 |     67 |      9 |      0 |     52 |   1 |   76.0 |
          Lair |  11396 |  10533 |    863 |   4093 |   4861 |   6 | 1899.3 |
        Shoals |   7669 |   7249 |    420 |   3793 |   2152 |   4 | 1917.2 |
   Spider Nest |  14090 |  13064 |   1026 |   8932 |   2314 |   4 | 3522.5 |
  Orcish Mines |   2853 |   2623 |    230 |   1556 |    702 |   2 | 1426.5 |
        Vaults |   2604 |   2493 |    111 |   1454 |     92 |   1 | 2604.0 |
        Bailey |   1898 |   1898 |      0 |   1495 |     68 |   1 | 1898.0 |
      Gauntlet |    722 |    722 |      0 |    251 |    233 |   1 |  722.0 |
               +--------+--------+--------+--------+--------+-----+--------+

Top non-repeatable levels by time:
Spider:4: 4080 daAuts
Spider:3: 3580 daAuts
Spider:1: 3580 daAuts
  Lair:2: 3319 daAuts
Spider:2: 2848 daAuts
Shoals:4: 2838 daAuts
    D:13: 2805 daAuts
     D:8: 2631 daAuts
Vaults:1: 2604 daAuts
     D:9: 2533 daAuts
  Lair:1: 2231 daAuts
    D:12: 1981 daAuts
    D:10: 1946 daAuts
  Bailey: 1898 daAuts
  Lair:6: 1889 daAuts
